 Dungeon Crawl Stone Soup version 0.13-a0-3016-gcb2faac (webtiles) character file.

565 Moggul the Shield-Bearer (level 6, -3/57 HPs)
             Began as a Deep Dwarf Fighter on Sept 10, 2013.
             Succumbed to epsilon's ghost's poison
             ... on Level 4 of the Dungeon.
             The game lasted 00:44:35 (3842 turns).

Moggul the Shield-Bearer (Deep Dwarf Fighter)       Turns: 3842, Time: 00:44:35

HP  -3/57        AC  9     Str 21      XL: 6   Next: 22%
MP   5/5         EV  5     Int  9      God:
Gold 244         SH 22     Dex 12      Spells:  0 memorised,  5 levels left

Res.Fire  : . . .   See Invis. : .   C - +0 mace
Res.Cold  : . . .   Warding    : .   l - +0 chain mail
Life Prot.: . . .   Conserve   : .   c - +0 dwarf shield
Res.Poison: .       Res.Corr.  : .   (no helmet)
Res.Elec. : .       Clarity    : .   (no cloak)
Sust.Abil.: . .     Spirit.Shd : .   (no gloves)
Res.Mut.  : .       Stasis     : .   (no boots)
Res.Rott. : .       Flight     : .   (no amulet)
Saprovore : . . .                    (no ring)
                                     (no ring)

@: non-regenerating, extremely poisoned, somewhat resistant to hostile
enchantments, extremely unstealthy
A: damage resistance, recharge devices, sense surroundings 1, slow healing 3
a: Device Recharging


You were on level 4 of the Dungeon.
You were not hungry.

You visited 1 branch of the dungeon, and saw 4 of its levels.

You collected 224 gold pieces.

Inventory:

Hand weapons
 a - a +0,+0 dwarven falchion
 g - a +0,+0 short sword
 i - a +0,+1 dwarven dagger
 j - a +0,+0 dagger
 k - a +0,+0 short sword
 n - a +2,+1 dagger
 p - a +0,+1 dagger
 r - a +2,+1 dagger of speed
 t - a +0,+0 dwarven dagger
 v - a +0,+0 dagger
 y - a +0,+0 short sword
 C - a +0,+0 mace (weapon)
 F - a +0,+1 dwarven dagger
 M - a +0,+0 orcish hand axe
 O - a -1,+0 orcish dagger
 P - a +0,+1 orcish hand axe
 S - a +0,+3 orcish whip
Missiles
 h - 24 darts (quivered)
 A - 44 stones
 D - 22 sling bullets
 G - 8 javelins
 I - 11 arrows
 J - 13 poisoned needles
Armour
 b - a +0 dwarven scale mail
 c - a +0 dwarven shield (worn)
 l - a +0 chain mail (worn)
 m - a +0 ring mail
 q - a +2 orcish robe
 u - a +0 ring mail
 x - a +0 animal skin
 H - a +0 scale mail
 N - a +0 orcish ring mail
 Q - a +2 orcish chain mail
Magical devices
 d - a wand of heal wounds (0)
Comestibles
 f - a bread ration
 z - a cheese
Scrolls
 e - a scroll of amnesia {unknown}
 s - a scroll of enchant weapon II {unknown}
 B - a scroll of remove curse
 E - a scroll of blinking {unknown}
 K - a scroll of fog {unknown}
 L - 2 scrolls of identify {unknown}
Potions
 o - a potion of experience {unknown}
 w - a potion of cure mutation {unknown}
 R - a potion of curing {unknown}


   Skills:
 + Level 3.0 Fighting
 + Level 2.8 Long Blades
 + Level 1.0 Maces & Flails
 + Level 4.5 Armour
 + Level 3.1 Dodging
 + Level 1.1 Stealth
 + Level 5.0 Shields
 + Level 0.4 Evocations


You had 5 spell levels left.
You didn't know any spells.

Dungeon Overview and Level Annotations

Branches:
Dungeon (4/27)
 Temple: D:4-7

Altars:
Cheibriados
the Shining One

Annotations:
D:4 epsilon's ghost, experienced GrMo


Innate Abilities, Weirdness & Mutations

You are resistant to damage.
You can recharge devices by infusing magical energy.
You passively map a small area around you.
You do not heal naturally.


Message History

You feel extremely sick.
Epsilon's ghost hits you but does no damage.
You are more poisoned.
You hit epsilon's ghost but do no damage.
Epsilon's ghost is severely damaged.
You feel extremely sick. Epsilon's ghost hits you!
* * * LOW HITPOINT WARNING * * *
You are more poisoned.
You block epsilon's ghost's attack.
You barely miss epsilon's ghost.
Epsilon's ghost is severely damaged.
* * * LOW HITPOINT WARNING * * *
You feel extremely sick.
You feel a little better. You block epsilon's ghost's attack.
As you read the scroll labeled IHUW HUAPA, it crumbles to dust.
You feel as if something is helping you.
It was a scroll of remove curse.
You die...

#### ######### .....
#.......# ......
#####.......#### , ,
....... #...............
,....... #...........####
,, .......##...........#
,.....................####
.....<.p@................
* * ,
........##...........#.##
....... #.).........#.#
....... ##.#........#.# ,
#+#'### #.#.########.# * *
#.* #....#.# , ..., #
#....#># ,,..., * #....#..
, ... #........ ....#


You could see epsilon's ghost.

Vanquished Creatures
  The ghost of Aelig the Ruinous, an average TeCj (D:3)
  An ogre (D:4)
  An orc wizard (D:3)
  4 adders
  A giant gecko (D:3)
  An ooze (D:2)
  3 orcs (D:3)
  8 hobgoblins
  10 jackals
  10 kobolds
  5 quokkas
  A ball python (D:1)
  12 bats
  3 giant cockroaches
  6 giant newts
  6 goblins
  7 rats
80 creatures vanquished.

Notes
Turn   | Place    | Note
--------------------------------------------------------------
     0 | D:1      | Moggul, the Deep Dwarf Fighter, began the quest for the Orb.
     0 | D:1      | Reached XP level 1. HP: 21/21 MP: 0/0
    62 | D:1      | Reached XP level 2. HP: 24/28 MP: 1/1
   586 | D:1      | Reached XP level 3. HP: 24/36 MP: 2/2
  1085 | D:2      | Reached skill level 1 in Dodging
  1085 | D:2      | Reached skill level 4 in Shields
  1718 | D:2      | Found a snail-covered altar of Cheibriados.
  1757 | D:2      | Reached XP level 4. HP: 28/43 MP: 3/3
  2565 | D:2      | Found a glowing golden altar of the Shining One.
  2655 | D:3      | Noticed Aelig's ghost (average TeCj)
  2685 | D:3      | Killed Aelig's ghost
  2685 | D:3      | Reached skill level 1 in Stealth
  2685 | D:3      | Reached XP level 5. HP: 34/49 MP: 4/4
  3789 | D:4      | Noticed an ogre
  3798 | D:4      | Killed an ogre
  3798 | D:4      | Reached skill level 1 in Maces & Flails
  3798 | D:4      | Reached skill level 5 in Shields
  3798 | D:4      | Reached XP level 6. HP: 26/57 MP: 5/5
  3804 | D:4      | Noticed epsilon's ghost (experienced GrMo)
  3842 | D:4      | Succumbed to epsilon's ghost's poison

Action                   |  1- 3 |  4- 6 || total
-------------------------+-------+-------++-------
Melee: Falchion          |   118 |    41 ||   159
       Dagger            |    92 |       ||    92
       Mace              |       |   110 ||   110
Throw: Dart              |     1 |       ||     1
Evoke: Wand              |       |     5 ||     5
  Use: Potion            |       |     1 ||     1
       Scroll            |       |     1 ||     1
